 Dungeon Crawl Stone Soup version 0.23-a0-448-g1c01f63 (webtiles) character file.

1 Cryolive the Digger (level 1, 0/10 HPs)
             Began as a Gargoyle Earth Elementalist on Nov 20, 2018.
             Slain by a jackal (1 damage)
             ... on level 1 of the Dungeon.
             The game lasted 00:00:28 (59 turns).

Cryolive the Digger (Gargoyle Earth Elementalist)     Turns: 59, Time: 00:00:28

Health: 0/10       AC: 12    Str: 11    XL:     1   Next: 20%
Magic:  3/3        EV:  2    Int: 15    God:
Gold:   0          SH:  0    Dex: 10    Spells: 3/4 levels left

rFire    . . .     SeeInvis .   e - +0 club
rCold    . . .     Gourm    .   (no shield)
rNeg     + . .     Faith    .   f - +0 plate armour
rPois    ∞         Spirit   .   (no helmet)
rElec    +         Reflect  .   (no cloak)
rCorr    .         Harm     .   (no gloves)
MR       .....                  (no boots)
Stlth    ..........             (no amulet)
HPRegen  0.03/turn              (no ring)
MPRegen  0.08/turn              (no ring)

@: no status effects
A: negative energy resistance 1, electricity resistance, unbreathing,
petrification resistance, rot immunity, AC +2
a: no special abilities


You were on level 1 of the Dungeon.
You were not hungry.

You visited 1 branch of the dungeon, and saw 1 of its levels.

Inventory:

Hand Weapons
 e - a +0 club (weapon)
Missiles
 b - 48 stones (quivered)
Armour
 c - a +0 robe
 f - a +0 plate armour (worn)
Potions
 a - a potion of magic {unknown}
Comestibles
 d - a ration


   Skills:
 + Level 0.0 Fighting
 + Level 0.0 Armour
 + Level 1.5 Dodging
 - Level 2.1 Stealth
 + Level 2.0 Spellcasting
   Level 0.7 Transmutations
 + Level 3.6 Earth Magic


You had 3 spell levels left.
You knew the following spells:

 Your Spells              Type           Power        Failure   Level  Hunger
a - Sandblast             Erth           ##....       100%        1    #......

Your spell library contained the following spells:

 Spells                   Type           Power        Failure   Level  Hunger
 Passwall                 Tmut/Erth      #.......     100%        2    ###....
 Stone Arrow              Conj/Erth      #.....       100%        3    ###....
 Petrify                  Tmut/Erth      #.......     100%        4    #####..
 Lee's Rapid Deconstruct  Erth           ##........   100%        5    ######.


Dungeon Overview and Level Annotations

Branches:
Dungeon (1/15)

Altars:


Innate Abilities, Weirdness & Mutations

You are resistant to torment.
Your stone body is resilient. (AC +2)
You are immune to poison.
You resist negative energy. (rN+)
You are resistant to electric shocks. (rElec)
You can survive without breathing.
You are immune to petrification.
You are immune to rotting.


Message History

The jackal is almost dead.
The jackal bites you but does no damage. x2
The jackal barely misses you.
The jackal bites you but does no damage.
The jackal completely misses you.
Your plate armour prevents you from hitting the jackal.
The jackal is almost dead.
The jackal bites you but does no damage. x5
The jackal bites you.
You hit the jackal.
You kill the jackal!
The jackal bites you but does no damage. x4
You barely miss the jackal. The jackal bites you.
The jackal bites you but does no damage. x2
The jackal bites you.
* * * LOW HITPOINT WARNING * * *
You closely miss the jackal. The jackal bites you.
* * * LOW HITPOINT WARNING * * *
The jackal bites you.
You die...

...........##... .#
............#..##.##
............##..#..###
............#.#..#...###
.....<.........#.......#
............#.#.$.....#
............##..g...#...
............#..#h####
...........##..#@#
#.........#≈#..hh#
≈#.......#≈≈#..###
#############.. ....
..... .... ####


You could see 3 jackals and a goblin.

Vanquished Creatures
  A jackal (D:1)
1 creature vanquished.

Notes
Turn   | Place    | Note
-------+----------+-------------------------------------------
     0 | D:1      | Cryolive the Gargoyle Earth Elementalist began the quest
                  | for the Orb.
     0 | D:1      | Reached XP level 1. HP: 10/10 MP: 3/3
    59 | D:1      | Slain by a jackal

Vault maps used:
D:1:      psy_arrival_dodecagon, nemelex_altar_shiori

Action                   || total
-------------------------++-------
Melee: Club              ||    13
Armor: Plate armour      ||    40
Dodge: Dodged            ||     4

Table legend:
 A = Non-vault XP
 B = Vault XP
 C = Vault XP percentage of total XP
 D = Non-vault monster count
 E = Vault monster count
 F = Vault count percentage of total count
                 A         B        C        D         E       F
            +---------+---------+-------+---------+---------+-------
      Total |       2 |       0 |   0.0 |       1 |       0 |   0.0
            +---------+---------+-------+---------+---------+-------
        D:1 |       2 |       0 |   0.0 |       1 |       0 |   0.0
            +---------+---------+-------+---------+---------+-------
